 Dungeon Crawl Stone Soup version 0.30.0-29-ga12c61a403 (webtiles) character file.

Game seed: 7072396216270717366

23912 qw the Cleaver (level 13, -13/82 HPs)
             Began as a Gargoyle Fighter on June 3, 2023.
             Was an Elder of Okawaru.
             Killed from afar by an oklob plant (19 damage)
             ... with a splash of acid
             ... on level 4 of the Lair of Beasts.
             The game lasted 00:05:54 (11719 turns).

qw the Cleaver (Gargoyle Fighter)                  Turns: 11719, Time: 00:05:55

Health: -13/82     AC: 18    Str: 29    XL:     13   Next: 9%
Magic:  19/20      EV: 10    Int: 13    God:    Okawaru [****..]
Gold:   642        SH:  6    Dex:  9    Spells: 12/12 levels left

rFire   . . .        Y - +6 war axe (freeze)
rCold   . . .        c - +0 buckler
rNeg    + . .        z - +3 plate armour of Darkness {Int+2}
rPois   inf          (no helmet)
rElec   +            (no cloak)
rCorr   .            o - +0 pair of gloves
SInv    +            n - +2 pair of boots
Will    .....        a - amulet of the acrobat Stlth
                     j - +6 ring of strength
HPRegen 0.33/turn    h - ring of see invisible
MPRegen 0.17/turn

%: acrobat
@: about to teleport, heroic, corroded
A: sickness immunity, AC +9, negative energy resistance 1, electricity
resistance, torment resistance 1, petrification resistance
a: Renounce Religion, Heroism, Finesse


You were on level 4 of the Lair of Beasts.
You worshipped Okawaru.
Okawaru was greatly pleased with you.
You visited 2 branches of the dungeon, and saw 12 of its levels.

You collected 774 gold pieces.
You spent 132 gold pieces at shops.


Innate Abilities, Weirdness & Mutations

You are immune to sickness and miasma.
Your stone body is resilient. (AC +9)
You are immune to poison.
You resist negative energy. (rN+)
You are resistant to electric shocks. (rElec)
You are resistant to unholy torment.
You are immune to petrification.


   Skills:
 - Level 10.0(15.0) Fighting
 + Level 13.6(18.6) Axes
 - Level 3.2(8.2) Throwing
 - Level 9.0(14.0) Armour
 - Level 2.2(7.2) Dodging
 - Level 6.2(11.2) Shields
 - Level 10.0 Invocations


You had 12 spell levels left.
You didn't know any spells.
Your spell library was empty.

Inventory:

Hand Weapons
 p - a +1 flail
 Y - a +6 war axe of freezing (weapon)
Missiles
 r - a boomerang (quivered)
Armour
 c - a +0 buckler (worn)
 n - a +2 pair of boots (worn)
 o - a +0 pair of gloves (worn)
 z - the +3 plate armour of Darkness (worn) {Int+2}
   (You found it on level 3 of the Lair of Beasts)

   Int:       It affects your intelligence (+2).
Jewellery
 a - an amulet of the acrobat (around neck)
 h - a ring of see invisible (right hand)
 j - a +6 ring of strength (left hand)
 q - a +6 ring of dexterity
 s - a ring of fire
 t - a ring of resist corrosion
 y - a ring of protection from fire
Scrolls
 b - 5 scrolls of teleportation
 g - 5 scrolls of identify
Potions
 d - 3 potions of might
 e - a potion of resistance
 f - 2 potions of attraction
 i - 5 potions of curing
 l - a potion of heal wounds
 m - 2 potions of haste
 v - a potion of cancellation
 w - a potion of magic

Dungeon Overview and Level Annotations

Branches:
Dungeon (8/15)             Temple (0/1) D:6            Lair (4/5) D:8
 Shoals (0/4) Lair:2        Snake (0/4) Lair:3        Slime (0/5) Lair:4

Altars:
Cheibriados
Dithmenos
Elyvilon
Gozag
Hepliaklqana
Kikubaaqudgha
Makhleb
Okawaru
Qazlal
Ru
Trog
Uskayaw
Vehumet
Xom
Yredelemnul
Zin
The Shining One
Jiyva

Shops:
D:3 ?

Annotations:
Lair:4 1 runed translucent door, qw's ghost, journeyman GrFi


Message History

Enter note:
Enter note:
Enter note:
Enter note:
Enter note:
Enter note:
Enter note: You slice the cane toad!!
The cane toad seems to slow down.
You freeze the cane toad!
You kill the cane toad!
Okawaru accepts your kill.
The cane toad stings you but does no damage.
The oklob plant spits acid at you. The splash of acid hits you!!
The oklob plant spits acid at you. The splash of acid misses you.
You see here a cane toad corpse.
Enter note:
Enter note: You completely miss the cane toad.
You slash the oklob plant! You freeze the oklob plant.
You block the cane toad's attack.
You slash the oklob plant! You freeze the oklob plant.
The oklob plant is severely damaged.
You hit the cane toad. You freeze the cane toad.
The oklob plant spits acid at you. The splash of acid hits you!
The acid corrodes you! The oklob plant spits acid at you.
You block the splash of acid. You block the cane toad's attack.
11719 ||| READING 6 scrolls of teleportation.
As you read the scroll of teleportation, it crumbles to dust.
You feel strangely unstable. The oklob plant spits acid at you.
The splash of acid misses you.
The cane toad stings you but does no damage.
The oklob plant spits acid at you. The splash of acid hits you!!
The acid corrodes you! The oklob plant spits acid at you.
The splash of acid hits you!!
You die...

....~~.~.~~~~~~.##....##}##..
.~..~....~¤¤~¤~.###....###...
##..~~......¤¤¤.###.#........
##..~~..####.................
###~~#####..................
# ~~# ..#................. ##
~## .................... .#
## .................$..
.###... .......@........##..
##..... ......P>F.......# ##
#.....## ......PPP........#
P......# #.PP...F........##
........ ................#
........ ................
........ ...............
........ ...............
<.......


You could see 4 oklob plants and 2 cane toads.

Vanquished Creatures
  A boulder beetle (Lair:3)
  Erica (D:8)
  An oklob plant (Lair:3)
  9 elephants
  A torpor snail (Lair:2)
  A black mamba (Lair:1)
  Psyche (D:8)
  14 cane toads
  5 rime drakes
  3 komodo dragons
  2 polar bears
  A merfolk (Lair:2)
  A troll (D:7)
  5 blink frogs (Lair:4)
  Grinder (D:4)
  A spriggan (Lair:3)
  25 yaks
  A wraith (D:8)
  3 wyverns
  2 basilisks
  A steam dragon (D:8)
  2 nagas (Lair:3)
  Menkaure (D:6)
  7 water moccasins
  An orc warrior (D:6)
  A sky beast (D:6)
  3 ice beasts
  2 black bears
  12 wolves
  An ogre (D:6)
  3 centaurs
  2 phantoms (D:7)
  6 bullfrogs
  2 gnoll sergeants
  2 scorpions
  11 wights
  5 killer bees (D:8)
  2 electric eels (Lair:1)
  A howler monkey (D:5)
  A crimson imp (D:6)
  5 hounds
  5 jellies
  5 orc priests
  A gnoll bouda (D:8)
  4 sleepcaps
  Ijyb (D:3)
  Natasha (twice) (D:4)
  An iguana (D:5)
  An orc wizard (D:8)
  14 gnolls
  7 adders
  3 white imps
  2 worms (D:3)
  A dart slug (D:4)
  15 orcs
  7 endoplasms
  4 giant cockroaches
  10 goblins
  5 hobgoblins
  3 jackals (D:5)
  A quokka (D:2)
  4 ball pythons
  5 bats
  3 frilled lizards
  4 kobolds
  4 rats
262 creatures vanquished.

Vanquished Creatures (others)
  A gnoll (D:8)
1 creature vanquished.

Grand Total: 263 creatures vanquished

Notes
Turn   | Place    | Note
-------+----------+-------------------------------------------
     0 | D:1      | qw the Gargoyle Fighter began the quest for the Orb.
     0 | D:1      | Reached XP level 1. HP: 14/14 MP: 1/1
     0 | D:1      | 0 ||| qw: Version: 0.2-a-103-g5a998e5
     0 | D:1      | 0 ||| qw: Game counter: 1075
     0 | D:1      | 0 ||| qw: Always use a shield: true
     0 | D:1      | 0 ||| qw: God list: Okawaru
     0 | D:1      | 0 ||| qw: Allow faded altars: false
     0 | D:1      | 0 ||| qw: Do Orc after D:15 true
     0 | D:1      | 0 ||| qw: Do second Lair branch before Depths: true
     0 | D:1      | 0 ||| qw: Lair rune preference: random
     0 | D:1      | 0 ||| qw: Plans: Normal, Zot:1-4, Slime:5, God:TSO, Crypt,
                  | Tomb, Pan, Hells, Abyss, Win
     0 | D:1      | 0 ||| PLANNING D:1-11
    85 | D:1      | 85 ||| Stepping ~*~*~tactically~*~*~ (stealth).
    92 | D:1      | Reached skill level 2 in Axes
   100 | D:1      | 100 ||| Stepping ~*~*~tactically~*~*~ (stealth).
   102 | D:1      | 102 ||| Stepping ~*~*~tactically~*~*~ (stealth).
   134 | D:1      | Found a faded altar of an unknown god.
   144 | D:1      | Reached XP level 2. HP: 19/19 MP: 2/2
   395 | D:1      | Reached skill level 3 in Axes
   425 | D:1      | Reached XP level 3. HP: 22/23 MP: 3/3
   920 | D:1      | 920 ||| UPGRADING to +0 plate armour.
   930 | D:1      | 930 ||| DROPPING +0 scale mail.
   931 | D:1      | 931 ||| READING scroll labelled WIREF IXAMMIA.
   935 | D:1      | 935 ||| READING scroll labelled JOODDOM RUEJAPE.
   936 | D:1      | 936 ||| READING scroll labelled TECIFI LAUSTRE.
   961 | D:2      | 961 ||| STAIRDANCE
  1030 | D:2      | Identified the +10 sling of Pandemonium {heavy, Int+3}
  1062 | D:2      | 1062 ||| Stepping ~*~*~tactically~*~*~ (stealth).
  1063 | D:2      | 1063 ||| Stepping ~*~*~tactically~*~*~ (stealth).
  1064 | D:2      | 1064 ||| Stepping ~*~*~tactically~*~*~ (stealth).
  1066 | D:2      | 1066 ||| Stepping ~*~*~tactically~*~*~ (stealth).
  1156 | D:2      | 1156 ||| Stepping ~*~*~tactically~*~*~ (stealth).
  1194 | D:2      | Reached XP level 4. HP: 28/28 MP: 4/4
  1212 | D:2      | You fall into a shaft and drop 2 floors!
  1328 | D:4      | 1328 ||| UPGRADING to +6 ring of strength.
  1329 | D:4      | 1329 ||| READING scroll labelled RUKUOG CITY.
  1330 | D:4      | 1330 ||| READING 2 scrolls labelled EKHUAKOULA.
  1331 | D:4      | 1331 ||| READING scroll labelled CYGUOQ JOAH.
  1332 | D:4      | 1332 ||| READING scroll labelled PAIV BEUNE.
  1333 | D:4      | 1333 ||| DRINKING 2 glowing coppery potions.
  1334 | D:4      | 1334 ||| DROPPING scroll of poison.
  1357 | D:2      | Reached skill level 4 in Axes
  1501 | D:2      | 1501 ||| DROPPING amulet of magic regeneration.
  1502 | D:2      | 1502 ||| READING scroll labelled OTSIZO HUGHA.
  1663 | D:3      | Found Citabar's Magic Scroll Boutique.
  1666 | D:3      | 1666 ||| BUYING 2 scrolls of identify (44 gold).
  1666 | D:3      | Bought 2 scrolls of identify for 44 gold pieces
  1666 | D:3      | 1666 ||| BUYING scroll of identify (22 gold).
  1666 | D:3      | Bought a scroll of identify for 22 gold pieces
  1666 | D:3      | 1666 ||| BUYING scroll of identify (22 gold).
  1666 | D:3      | Bought a scroll of identify for 22 gold pieces
  1666 | D:3      | 1666 ||| BUYING scroll of identify (22 gold).
  1666 | D:3      | Bought a scroll of identify for 22 gold pieces
  1666 | D:3      | 1666 ||| BUYING scroll of identify (22 gold).
  1666 | D:3      | Bought a scroll of identify for 22 gold pieces
  1666 | D:3      | 1666 ||| SHOPLISTING scroll of teleportation (33 gold, have
                  | 24).
  1765 | D:3      | 1765 ||| Stepping ~*~*~tactically~*~*~ (hiding).
  2019 | D:3      | Noticed Ijyb
  2020 | D:3      | 2020 ||| Stepping ~*~*~tactically~*~*~ (hiding).
  2033 | D:3      | Killed Ijyb
  2034 | D:3      | Reached XP level 5. HP: 14/32 MP: 5/5
  2223 | D:3      | 2223 ||| DROPPING +0 club.
  2574 | D:3      | 2574 ||| UPGRADING to +0 pair of gloves.
  2579 | D:3      | 2579 ||| UPGRADING to ring of see invisible.
  2580 | D:3      | 2580 ||| READING scroll labelled RONLEI VESASOYN.
  2581 | D:3      | 2581 ||| DRINKING 3 pink potions.
  2582 | D:3      | 2582 ||| READING 8 scrolls of identify.
  2582 | D:3      | 2582 ||| IDENTIFYING brown potion
  2583 | D:3      | 2583 ||| READING 7 scrolls of identify.
  2583 | D:3      | 2583 ||| IDENTIFYING murky dark potion
  2584 | D:3      | 2584 ||| READING 6 scrolls of identify.
  2584 | D:3      | 2584 ||| IDENTIFYING sedimented sapphire potion
  2585 | D:3      | 2585 ||| DROPPING potion of flight.
  2720 | D:4      | Noticed Grinder
  2722 | D:4      | Paralysed by Grinder for 2 turns
  2729 | D:4      | Killed Grinder
  2730 | D:4      | Reached skill level 6 in Axes
  2730 | D:4      | Reached XP level 6. HP: 32/37 MP: 6/6
  2754 | D:4      | 2754 ||| Stepping ~*~*~tactically~*~*~ (hiding).
  2756 | D:4      | 2756 ||| Stepping ~*~*~tactically~*~*~ (hiding).
  2838 | D:4      | Found a hide-covered altar of Uskayaw.
  2853 | D:4      | Found a shimmering altar of Xom.
  2870 | D:4      | 2870 ||| READING 5 scrolls of identify.
  2870 | D:4      | 2870 ||| IDENTIFYING yellow potion
  2872 | D:4      | 2872 ||| READING 4 scrolls of identify.
  2872 | D:4      | 2872 ||| IDENTIFYING fizzy inky potion
  2873 | D:4      | 2873 ||| DROPPING potion of invisibility.
  3057 | D:4      | Noticed Natasha
  3063 | D:4      | Killed Natasha
  3087 | D:4      | Noticed Natasha
  3088 | D:4      | 3088 ||| Stepping ~*~*~tactically~*~*~ (hiding).
  3090 | D:4      | 3090 ||| Stepping ~*~*~tactically~*~*~ (hiding).
  3101 | D:4      | Killed Natasha
  3158 | D:4      | 3158 ||| Stepping ~*~*~tactically~*~*~ (stealth).
  3161 | D:4      | 3161 ||| Stepping ~*~*~tactically~*~*~ (hiding).
  3172 | D:4      | Reached skill level 1 in Dodging
  3172 | D:4      | Reached XP level 7. HP: 28/43 MP: 7/7
  3499 | D:5      | Entered Level 5 of the Dungeon
  3556 | D:5      | 3556 ||| Stepping ~*~*~tactically~*~*~ (stealth).
  3567 | D:5      | 3567 ||| Stepping ~*~*~tactically~*~*~ (hiding).
  3568 | D:5      | 3568 ||| Stepping ~*~*~tactically~*~*~ (hiding).
  3703 | D:5      | 3703 ||| Stepping ~*~*~tactically~*~*~ (stealth).
  3712 | D:5      | 3712 ||| DROPPING +0 whip.
  3713 | D:5      | 3713 ||| Stepping ~*~*~tactically~*~*~ (stealth).
  3715 | D:5      | 3715 ||| Stepping ~*~*~tactically~*~*~ (hiding).
  3717 | D:5      | 3717 ||| Stepping ~*~*~tactically~*~*~ (hiding).
  3718 | D:5      | 3718 ||| Stepping ~*~*~tactically~*~*~ (hiding).
  3721 | D:5      | 3721 ||| Stepping ~*~*~tactically~*~*~ (stealth).
  3734 | D:5      | HP: 8/43 [gnoll/+2 whip of electrocution[a gnoll sergeant]
                  | (8)]
  3735 | D:5      | 3735 ||| READING 4 scrolls of teleportation.
  3736 | D:5      | 3736 ||| DRINKING potion of heal wounds.
  3738 | D:5      | 3738 ||| FLEEEEING.
  3739 | D:5      | 3739 ||| FLEEEEING.
  3811 | D:5      | 3811 ||| Stepping ~*~*~tactically~*~*~ (hiding).
  3812 | D:5      | 3812 ||| Stepping ~*~*~tactically~*~*~ (hiding).
  3820 | D:5      | Reached skill level 7 in Axes
  4052 | D:5      | Found a sacrificial altar of Ru.
  4054 | D:5      | 4054 ||| Stepping ~*~*~tactically~*~*~ (hiding).
  4070 | D:5      | Reached XP level 8. HP: 27/49 MP: 8/8
  4643 | D:5      | 4643 ||| UPGRADING to +2 pair of boots.
  4648 | D:5      | 4648 ||| READING scroll labelled AMIVVA JUC TUEMIKH.
  4693 | D:6      | Reached skill level 8 in Axes
  4785 | D:6      | Found an iron altar of Okawaru.
  4786 | D:6      | 4786 ||| PLANNING OKAWARU WORSHIP
  4801 | D:6      | Became a worshipper of Warmaster Okawaru
  4801 | D:6      | 4801 ||| PLANNING D:1-11
  4814 | D:6      | 4814 ||| Stepping ~*~*~tactically~*~*~ (stealth).
  4816 | D:6      | 4816 ||| Stepping ~*~*~tactically~*~*~ (hiding).
  5051 | D:6      | 5051 ||| Stepping ~*~*~tactically~*~*~ (hiding).
  5059 | D:6      | Reached skill level 6 in Fighting
  5067 | D:6      | Found an ancient bone altar of Kikubaaqudgha.
  5115 | D:6      | Found a glowing golden altar of the Shining One.
  5167 | D:6      | Found a glowing silver altar of Zin.
  5196 | D:6      | Found a staircase to the Ecumenical Temple.
  5211 | D:6      | Reached * piety under Okawaru
  5251 | D:6      | Reached skill level 1 in Invocations
  5276 | D:6      | 5276 ||| INVOKING Heroism.
  5277 | D:6      | 5277 ||| INVOKING Heroism.
  5312 | D:6      | 5312 ||| INVOKING Heroism.
  5317 | D:6      | Reached XP level 9. HP: 55/55 MP: 7/10
  5321 | D:6      | Reached skill level 9 in Axes
  5353 | D:6      | 5353 ||| DROPPING +0 flail.
  5393 | D:6      | Noticed Menkaure
  5394 | D:6      | 5394 ||| INVOKING Heroism.
  5406 | D:6      | Killed Menkaure
  5407 | D:6      | Reached skill level 3 in Invocations
  5624 | D:6      | Found a hazy altar of Hepliaklqana.
  5665 | D:6      | 5665 ||| INVOKING Heroism.
  5766 | D:6      | Found a radiant altar of Vehumet.
  5771 | D:6      | Found a burning altar of Makhleb.
  5840 | D:6      | 5840 ||| DRINKING 2 clear potions.
  5861 | D:6      | 5861 ||| DROPPING potion of degeneration.
  5969 | D:7      | Found an opulent altar of Gozag.
  6027 | D:7      | Found a bloodstained altar of Trog.
  6104 | D:7      | 6104 ||| Stepping ~*~*~tactically~*~*~ (hiding).
  6106 | D:7      | 6106 ||| Stepping ~*~*~tactically~*~*~ (hiding).
  6221 | D:7      | Noticed a troll
  6222 | D:7      | 6222 ||| INVOKING Heroism.
  6227 | D:7      | Killed a troll
  6366 | D:7      | 6366 ||| Stepping ~*~*~tactically~*~*~ (hiding).
  6367 | D:7      | 6367 ||| Stepping ~*~*~tactically~*~*~ (hiding).
  6379 | D:7      | 6379 ||| READING scroll of enchant weapon.
  6379 | D:7      | 6379 ||| ENCHANTING +1 war axe of freezing.
  6495 | D:7      | Found a flagged portal.
  6525 | D:7      | Reached skill level 6 in Armour
  6606 | D:7      | 6606 ||| Stepping ~*~*~tactically~*~*~ (hiding).
  6773 | D:7      | 6773 ||| READING scroll labelled WIMYSA YXKYO.
  6838 | D:8      | 6838 ||| INVOKING Heroism.
  6851 | D:8      | Reached XP level 10. HP: 20/63 MP: 11/13
  6999 | D:8      | Found a shadowy altar of Dithmenos.
  7130 | D:8      | Found a white marble altar of Elyvilon.
  7155 | D:8      | 7155 ||| Stepping ~*~*~tactically~*~*~ (hiding).
  7205 | D:8      | Found a basalt altar of Yredelemnul.
  7275 | D:8      | Found a staircase to the Lair.
  7300 | D:8      | Noticed Erica
  7301 | D:8      | 7301 ||| Stepping ~*~*~tactically~*~*~ (hiding).
  7304 | D:8      | 7304 ||| Stepping ~*~*~tactically~*~*~ (hiding).
  7305 | D:8      | 7305 ||| Stepping ~*~*~tactically~*~*~ (hiding).
  7308 | D:8      | 7308 ||| INVOKING Heroism.
  7317 | D:8      | Killed Erica
  7317 | D:8      | Reached ** piety under Okawaru
  7318 | D:8      | Reached skill level 10 in Axes
  7364 | D:8      | 7364 ||| Stepping ~*~*~tactically~*~*~ (hiding).
  7410 | D:8      | 7410 ||| Stepping ~*~*~tactically~*~*~ (hiding).
  7411 | D:8      | 7411 ||| Stepping ~*~*~tactically~*~*~ (hiding).
  7411 | D:8      | Noticed Psyche
  7412 | D:8      | 7412 ||| Stepping ~*~*~tactically~*~*~ (hiding).
  7415 | D:8      | 7415 ||| INVOKING Heroism.
  7424 | D:8      | Killed Psyche
  7437 | D:8      | 7437 ||| INVOKING Heroism.
  7541 | D:8      | 7541 ||| SWAPPING to +5 war axe of freezing.
  7542 | D:8      | 7542 ||| DROPPING +2 war axe of freezing.
  7551 | D:8      | Found a snail-covered altar of Cheibriados.
  7691 | D:8      | Found a stormy altar of Qazlal.
  7695 | D:8      | 7695 ||| DROPPING amulet of guardian spirit.
  7696 | D:8      | 7696 ||| READING scroll labelled NONLIB YXOE.
  7697 | D:8      | 7697 ||| DRINKING 2 smoky orange potions.
  7698 | D:8      | 7698 ||| READING 7 scrolls of identify.
  7698 | D:8      | 7698 ||| IDENTIFYING fizzy dark potion
  7699 | D:8      | 7699 ||| READING 6 scrolls of identify.
  7699 | D:8      | 7699 ||| IDENTIFYING purple potion
  7788 | D:8      | 7788 ||| PLANNING LAIR
  7788 | D:8      | 7788 ||| DROPPING potion of brilliance.
  7789 | D:8      | 7789 ||| DROPPING potion of ambrosia.
  7814 | Lair:1   | Entered Level 1 of the Lair of Beasts
  7977 | Lair:1   | 7977 ||| INVOKING Heroism.
  8027 | Lair:1   | 8027 ||| INVOKING Heroism.
  8029 | Lair:1   | Reached skill level 11 in Axes
  8134 | Lair:1   | Noticed a cane toad
  8136 | Lair:1   | 8136 ||| INVOKING Heroism.
  8145 | Lair:1   | Killed a cane toad
  8172 | Lair:1   | Reached *** piety under Okawaru
  8173 | Lair:1   | Reached XP level 11. HP: 68/69 MP: 14/14
  8175 | Lair:1   | 8175 ||| INVOKING Heroism.
  8181 | Lair:1   | Reached skill level 9 in Fighting
  8240 | Lair:1   | 8240 ||| Stepping ~*~*~tactically~*~*~ (stealth).
  8241 | Lair:1   | 8241 ||| INVOKING Heroism.
  8300 | Lair:1   | 8300 ||| INVOKING Heroism.
  8368 | Lair:1   | 8368 ||| INVOKING Heroism.
  8443 | Lair:1   | 8443 ||| INVOKING Heroism.
  8471 | Lair:1   | 8471 ||| Stepping ~*~*~tactically~*~*~ (stealth).
  8476 | Lair:1   | 8476 ||| Stepping ~*~*~tactically~*~*~ (stealth).
  8486 | Lair:1   | 8486 ||| INVOKING Heroism.
  8641 | Lair:1   | 8641 ||| INVOKING Heroism.
  8756 | Lair:1   | 8756 ||| INVOKING Heroism.
  8782 | Lair:1   | 8782 ||| INVOKING Heroism.
  8972 | Lair:1   | 8972 ||| UPGRADING to amulet of the acrobat.
  9016 | Lair:2   | 9016 ||| READING scroll of enchant weapon.
  9016 | Lair:2   | 9016 ||| ENCHANTING +5 war axe of freezing.
  9038 | Lair:2   | 9038 ||| Stepping ~*~*~tactically~*~*~ (hiding).
  9234 | Lair:2   | 9234 ||| INVOKING Heroism.
  9242 | Lair:2   | Reached skill level 12 in Axes
  9245 | Lair:2   | Reached **** piety under Okawaru
  9390 | Lair:2   | 9390 ||| FLEEEEING.
  9391 | Lair:2   | 9391 ||| FLEEEEING.
  9392 | Lair:2   | 9392 ||| FLEEEEING.
  9393 | Lair:2   | 9393 ||| FLEEEEING.
  9394 | Lair:2   | 9394 ||| FLEEEEING.
  9395 | Lair:2   | 9395 ||| FLEEEEING.
  9397 | Lair:2   | 9397 ||| FLEEEEING.
  9398 | Lair:2   | 9398 ||| FLEEEEING.
  9400 | Lair:2   | 9400 ||| FLEEEEING.
  9403 | Lair:2   | 9403 ||| INVOKING Heroism.
  9412 | Lair:2   | Reached skill level 6 in Shields
  9519 | Lair:2   | 9519 ||| INVOKING Heroism.
  9534 | Lair:2   | 9534 ||| Stepping ~*~*~tactically~*~*~ (stealth).
  9602 | Lair:2   | 9602 ||| INVOKING Heroism.
  9657 | Lair:2   | 9657 ||| INVOKING Heroism.
  9820 | Lair:2   | Reached XP level 12. HP: 77/77 MP: 16/16
  9824 | Lair:2   | Reached skill level 6 in Invocations
  9825 | Lair:2   | 9825 ||| INVOKING Heroism.
 10093 | Lair:2   | Found a staircase to the Shoals.
 10195 | Lair:2   | 10195 ||| READING scroll labelled JUOLYU SYTYR.
 10296 | Lair:2   | 10296 ||| READING 6 scrolls of identify.
 10296 | Lair:2   | 10296 ||| IDENTIFYING green potion
 10297 | Lair:2   | 10297 ||| DROPPING potion of berserk rage.
 10316 | Lair:3   | 10316 ||| Stepping ~*~*~tactically~*~*~ (stealth).
 10319 | Lair:3   | 10319 ||| INVOKING Heroism.
 10336 | Lair:3   | 10336 ||| Stepping ~*~*~tactically~*~*~ (stealth).
 10356 | Lair:3   | 10356 ||| Stepping ~*~*~tactically~*~*~ (stealth).
 10360 | Lair:3   | 10360 ||| Stepping ~*~*~tactically~*~*~ (stealth).
 10470 | Lair:3   | Found a staircase to the Snake Pit.
 10479 | Lair:3   | 10479 ||| INVOKING Heroism.
 10483 | Lair:3   | Received a gift from Okawaru
 10692 | Lair:3   | 10692 ||| Stepping ~*~*~tactically~*~*~ (stealth).
 10720 | Lair:3   | 10720 ||| Stepping ~*~*~tactically~*~*~ (stealth).
 10723 | Lair:3   | 10723 ||| Stepping ~*~*~tactically~*~*~ (stealth).
 10740 | Lair:3   | 10740 ||| INVOKING Heroism.
 10743 | Lair:3   | Reached skill level 13 in Axes
 10743 | Lair:3   | Reached ***** piety under Okawaru
 10898 | Lair:3   | Reached skill level 9 in Invocations
 10917 | Lair:3   | 10917 ||| Stepping ~*~*~tactically~*~*~ (stealth).
 10930 | Lair:3   | Reached skill level 9 in Armour
 11096 | Lair:3   | 11096 ||| INVOKING Heroism.
 11097 | Lair:3   | 11097 ||| INVOKING Finesse.
 11161 | Lair:3   | Identified the +3 plate armour of Darkness {Int+2}
 11180 | Lair:3   | Noticed a boulder beetle
 11181 | Lair:3   | 11181 ||| INVOKING Heroism.
 11199 | Lair:3   | Killed a boulder beetle
 11200 | Lair:3   | Reached skill level 3 in Throwing
 11403 | Lair:3   | 11403 ||| DROPPING +1 pair of boots.
 11404 | Lair:3   | 11404 ||| UPGRADING to +3 plate armour of Darkness {Int+2}.
 11414 | Lair:3   | 11414 ||| DROPPING +0 plate armour.
 11415 | Lair:3   | 11415 ||| READING 6 scrolls of identify.
 11415 | Lair:3   | 11415 ||| IDENTIFYING smoky emerald potion
 11462 | Lair:4   | 11462 ||| STAIRDANCE
 11506 | Lair:4   | 11506 ||| INVOKING Heroism.
 11515 | Lair:4   | Reached XP level 13. HP: 82/82 MP: 18/20
 11550 | Lair:4   | 11550 ||| INVOKING Heroism.
 11696 | Lair:4   | Found a runed translucent door.
 11700 | Lair:4   | Noticed qw's ghost (journeyman GrFi)
 11708 | Lair:4   | Found a staircase to the Slime Pits.
 11709 | Lair:4   | 11709 ||| INVOKING Heroism.
 11710 | Lair:4   | Found a viscous altar of Jiyva.
 11719 | Lair:4   | 11719 ||| READING 6 scrolls of teleportation.
 11719 | Lair:4   | HP: 6/82 [oklob plant/splash of acid (28)]
 11719 | Lair:4   | Killed from afar by an oklob plant

Levels and vault maps discovered:
D:1:      psy_arrival_spokes, layout_basic, serial_aquarium,
          aquarium_bridge_island_small [aquarium_subvault_small_open,
          aquarium_subvault_wall, aquarium_subvault_wall,
          aquarium_subvault_wall, aquarium_subvault_bridge], aquarium_window_2,
          aquarium_window_1, aquarium_window_1, aquarium_view_2d,
          aquarium_balcony_5b, aquarium_pool_corner,
          ebering_ecumenical_altar_webs
D:2:      layout_rooms, minmay_tetromino_o4
D:3:      layout_loops_corners, serial_shops, nicolae_shop_rolled_up,
          chequers_serial_rivers_small_b, minmay_misc_feat_rows, uniq_ijyb
D:4:      layout_cave_pods, mainiacjoe_overflow_brackets, xom_butterflies,
          uniq_natasha, uniq_grinder
D:5:      layout_basic, mainiacjoe_overflow_concentric_impassable
D:6:      layout_basic, grunt_temple_overflow_lords_of_destruction,
          kennysheep_little_box, general_overflow_altar, lemuel_doored_altar,
          lemuel_tele_altar, zin_statuary, temple_doors_cd,
          minmay_quadrilaterals, uniq_menkaure
D:7:      layout_loops_cross, grunt_gozag_breadcrumbs,
          mainiacjoe_overflow_tiny_flanked, enter_bailey_6, columned_hall_lemuel
D:8:      layout_rooms, kennysheep_ying_yang, mainiacjoe_overflow_cross_hatched,
          mainiacjoe_overflow_24_doors, nicolae_dithmenos_shadow_blocks,
          uniq_psyche, uniq_erica
Lair:1:   layout_regular_city, serial_bayou_shore_a, grunt_megastairs_5
Lair:2:   layout_long_grid, elwin_shoals_entry_rooms, serial_bayou_lagoon_a,
          minmay_holes
Lair:3:   layout_roguey, guppyfry_snake_entry_garden, minmay_lair_oklob_items,
          st_stairs_7, chequers_serial_rivers_micro_d,
          grunt_forest_stairs_clearing, grunt_megastairs_1,
          infiniplex_staircase_pool_2, serial_bayou_shore_b,
          serial_bayou_shore_b, lemuel_fruit_fields
Lair:4:   layout_gridlike, minmay_slime_entry_oklob_open,
          hellmonk_ghost_happy_afterlife, chequers_serial_rivers_small_3

Skill      XL: |  1  2  3  4  5  6  7  8  9 10 11 12 13 |
---------------+----------------------------------------+-----
Axes           | 2 3 4 6 7 8 9 11 12 13 | 13.6
Fighting       | 4 5 6 7 8 10 | 10.0
Dodging        | 1 2 |  2.2
Armour         | 4 5 6 7 8 9 |  9.0
Invocations    | 1 4 5 9 10 | 10.0
Shields        | 4 5 6 |  6.2
Throwing       | 2 3 |  3.2

Action                     |  1- 3 |  4- 6 |  7- 9 | 10-12 | 13-15 || total
---------------------------+-------+-------+-------+-------+-------++-------
  Melee: War axe           |   100 |   108 |   226 |   374 |    18 ||   826
  Throw: Boomerang         |       |       |    14 |    97 |     7 ||   118
 Invoke: Heroism           |       |       |     6 |    27 |     2 ||    35
         Finesse           |       |       |       |     1 |       ||     1
    Use: Scroll            |     3 |    11 |     4 |     7 |     1 ||    26
         Potion            |       |     2 |     2 |     1 |       ||     5
 Armour: Scale mail        |    31 |       |       |       |       ||    31
         Plate armour      |    13 |    64 |   161 |   199 |     7 ||   444
         Skin              |       |       |       |    12 |       ||    12
  Dodge: Dodged            |    43 |    35 |    81 |   101 |     8 ||   268
  Block: Buckler           |    20 |    14 |    65 |    99 |     6 ||   204

Table legend:
 A = Non-vault XP
 B = Vault XP
 C = Vault XP percentage of total XP
 D = Non-vault monster count
 E = Vault monster count
 F = Vault count percentage of total count
                 A         B        C        D         E       F
            +---------+---------+-------+---------+---------+-------
      Total |   27243 |    6917 |  20.2 |     231 |      31 |  11.8
            +---------+---------+-------+---------+---------+-------
        D:1 |      47 |       0 |   0.0 |      20 |       0 |   0.0
        D:2 |      60 |       5 |   7.7 |      15 |       3 |  16.7
        D:3 |      22 |      36 |  62.1 |      11 |       1 |   8.3
        D:4 |     198 |     308 |  60.9 |      14 |       2 |  12.5
        D:5 |     871 |       0 |   0.0 |      26 |       0 |   0.0
        D:6 |    1347 |     414 |  23.5 |      20 |       5 |  20.0
        D:7 |     926 |       0 |   0.0 |      14 |       0 |   0.0
        D:8 |    1554 |    1234 |  44.3 |      28 |       2 |   6.7
     Lair:1 |    4312 |    2423 |  36.0 |      18 |       6 |  25.0
     Lair:2 |    5821 |     298 |   4.9 |      26 |       1 |   3.7
     Lair:3 |    8588 |    2199 |  20.4 |      25 |      11 |  30.6
     Lair:4 |    3497 |       0 |   0.0 |      14 |       0 |   0.0
            +---------+---------+-------+---------+---------+-------
